 Dungeon Crawl Stone Soup version 0.28.0-45-g0d030f2227 (webtiles) character file.

Game seed: 18105488506970620906

900 pkoi the Zephyrmancer (level 7, -15/50 HPs)
             Began as a Demigod Air Elementalist on Apr 25, 2022.
             Demolished by a two-headed ogre
             ... wielding a +0 giant club
              (25 damage)
             ... on level 5 of the Dungeon.
             The game lasted 00:07:03 (7475 turns).

pkoi the Zephyrmancer (Demigod Air Elementalist)    Turns: 7475, Time: 00:07:03

Health: -15/50     AC:  9    Str: 12    XL:     7   Next: 50%
Magic:  1/13       EV: 12    Int: 25    God:
Gold:   194        SH:  0    Dex: 17    Spells: 0/10 levels left

rFire   + . .      SeeInvis .   f - +2 dagger (protect)
rCold   + . .      Faith    .   (no shield)
rNeg    . . .      Spirit   .   o - +5 leather armour "Amug" {rF+ Regen+ Str+3 Dex+3}
rPois   .          Reflect  .   (no helmet)
rElec   .          Harm     .   (no cloak)
rCorr   .          Rampage  .   c - +0 pair of gloves
Will    .....                   (no boots)
Stlth   ++........              i - amulet of magic regeneration
HPRegen 0.96/turn               j - ring of protection from cold
MPRegen 0.53/turn               (no ring)

@: very slightly contaminated, studying Poison Magic
A: high MP 1, forlorn, divine attributes
a: no special abilities


You were on level 5 of the Dungeon.
You visited 1 branch of the dungeon, and saw 5 of its levels.

You collected 194 gold pieces.

Inventory:

Hand Weapons
 b - a +0 whip
 d - a +0 dagger
 f - a +2 dagger of protection (weapon)
 h - a +0 rapier
Armour
 a - a +0 robe
 c - a +0 pair of gloves (worn)
 o - the +5 leather armour "Amug" (worn) {rF+ Regen+ Str+3 Dex+3}
   (You found it on level 5 of the Dungeon)

   Str:       It affects your strength (+3).
   Dex:       It affects your dexterity (+3).
   rF:        It protects you from fire.
   Regen:     It increases your rate of health regeneration.
Jewellery
 i - an amulet of magic regeneration (around neck)
 j - a ring of protection from cold (left hand)
Wands
 n - a wand of flame (31)
Scrolls
 e - 4 scrolls of teleportation
 k - a scroll of identify
Potions
 g - a potion of magic
 l - 2 potions of attraction {unknown}
 m - a potion of curing {unknown}


   Skills:
 + Level 0.0 Armour
 - Level 1.7 Dodging
 - Level 1.7 Stealth
 - Level 2.0 Spellcasting
 - Level 0.8 Conjurations
 * Level 8.5 Air Magic
 + Level 1.0 Poison Magic


You couldn't memorise any spells.
You knew the following spells:

 Your Spells              Type           Power      Damage    Failure   Level
a - Shock                 Conj/Air       100%       1d9       1%          1
b - Swiftness             Air            45%        N/A       1%          3
c - Static Discharge      Conj/Air       26%        N/A       3%          2
d - Airstrike             Air            22%        N/A       4%          4

Your spell library contained the following spells:

 Spells                   Type           Power      Damage    Failure   Level
 Animate Skeleton         Necr           4%         N/A       14%         1
 Pain                     Necr           8%         1d4       14%         1
 Gell's Gravitas          Tloc           2%         N/A       38%         3
 Lesser Beckoning         Tloc           2%         N/A       38%         3
 Teleport Other           Tloc           2%         N/A       38%         3
 Vampiric Draining        Necr           2%         2d6       38%         3


Dungeon Overview and Level Annotations

Branches:
Dungeon (5/15)
 Temple: D:4-7

Shops:
D:3 [   D:5 *


Innate Abilities, Weirdness & Mutations

You have an increased reservoir of magic. (+10% MP)
You shall have no god before yourself.
Your divine heritage dramatically boosts your attributes as you level up.


Message History

Confirm with . or Enter, or press ? or * to list all spells.
Aiming: Airstrike (dangerous; 4% risk of failure)
Press: ? - help, Dir - move target, f - two-headed ogre
Aim: a two-headed ogre, wielding two +0 giant clubs (empty space bonus: 7/8)
You miscast Airstrike.
You are very lightly contaminated with residual magic.
Nothing appears to happen.
Casting: Airstrike (dangerous; 4% risk of failure)
Confirm with . or Enter, or press ? or * to list all spells.
Aiming: Airstrike (dangerous; 4% risk of failure)
Press: ? - help, Dir - move target, f/p - two-headed ogre
Aim: a two-headed ogre, wielding two +0 giant clubs (empty space bonus: 8/8)
The air twists around and strikes the two-headed ogre!
The two-headed ogre is moderately wounded.
Casting: Airstrike (dangerous; 4% risk of failure)
Confirm with . or Enter, or press ? or * to list all spells.
Aiming: Airstrike (dangerous; 4% risk of failure)
Press: ? - help, Dir - move target, f/p - two-headed ogre
Aim: a two-headed ogre, wielding two +0 giant clubs (moderately wounded, empty space bonus: 8/8)
The air twists around and strikes the two-headed ogre!
The two-headed ogre is heavily wounded.
Casting: Airstrike (dangerous; 4% risk of failure)
Confirm with . or Enter, or press ? or * to list all spells.
The two-headed ogre is struck by an arc of lightning!
The two-headed ogre is severely wounded.
You are struck by an arc of lightning.
The lightning grounds out.
The two-headed ogre closely misses you.
The two-headed ogre hits you with a +0 giant club!!
Ouch! That really hurt!
* * * LOW HITPOINT WARNING * * *
Unknown command.
Aiming: Throw Flame
Press: ? - help, Shift-Dir - straight line, f/p - two-headed ogre
Aim: a two-headed ogre, wielding two +0 giant clubs (severely wounded, 85% to hit)
The puff of flame misses the two-headed ogre.
The two-headed ogre hits you with a +0 giant club!
* * * LOW HITPOINT WARNING * * *
The two-headed ogre hits you with a +0 giant club!!
Ouch! That really hurt!
You die...

#........(..###...#
##.....#........##.
#######...[....##.
##..##.##..###
##..#...#.#.###
###..#.##..##..##
###....##.###..#..#
#........#..###.#..
#.@O......##. ##.#.
#............ ..
... ##............
. .. ##...........
.. #........... .
##......... .
##....... #.....


You could see a two-headed ogre.

Vanquished Creatures
  Eustachio (D:4)
  A necrophage (D:3)
  An ogre (D:4)
  A kobold brigand (D:5)
  A scorpion (D:4)
  A water moccasin skeleton (D:4)
  An orc priest (D:3)
  3 orc wizards
  3 iguanas
  A hound zombie (D:5)
  2 hound skeletons (D:4)
  A gnoll (D:1)
  8 adders
  An adder skeleton (D:2)
  A worm (D:2)
  2 dart slugs
  14 orcs
  3 ball pythons
  12 endoplasms
  3 giant cockroaches
  7 goblins
  3 hobgoblins
  8 jackals
  2 quokkas
  7 bats
  3 frilled lizards
  6 kobolds
  5 rats
102 creatures vanquished.

Vanquished Creatures (others)
  A plant (D:2)
1 creature vanquished.

Grand Total: 103 creatures vanquished

Notes
Turn   | Place    | Note
-------+----------+-------------------------------------------
     0 | D:1      | pkoi the Demigod Air Elementalist began the quest for the
                  | Orb.
     0 | D:1      | Reached XP level 1. HP: 14/14 MP: 5/5
    94 | D:1      | Reached skill level 3 in Air Magic
    94 | D:1      | Reached XP level 2. HP: 12/20 MP: 0/7
  1039 | D:1      | Reached XP level 3. HP: 26/26 MP: 4/8
  1507 | D:2      | Reached skill level 4 in Air Magic
  2485 | D:2      | Reached XP level 4. HP: 33/33 MP: 2/9
  2975 | D:2      | Learned a level 3 spell: Swiftness
  2978 | D:2      | Learned a level 2 spell: Static Discharge
  3636 | D:3      | Reached skill level 5 in Air Magic
  3830 | D:3      | Found Lurapeal's Armour Boutique.
  4110 | D:3      | Reached XP level 5. HP: 38/38 MP: 7/10
  4310 | D:4      | Noticed a necrophage
  4335 | D:3      | Killed a necrophage
  4336 | D:3      | Reached skill level 6 in Air Magic
  5004 | D:4      | Reached XP level 6. HP: 21/45 MP: 0/11
  5006 | D:4      | Noticed Eustachio
  5274 | D:4      | Killed Eustachio
  5275 | D:4      | Reached skill level 7 in Air Magic
  6070 | D:4      | Reached XP level 7. HP: 45/50 MP: 9/13
  6395 | D:5      | Entered Level 5 of the Dungeon
  6414 | D:4      | Reached skill level 8 in Air Magic
  6744 | D:5      | Learned a level 4 spell: Airstrike
  6771 | D:5      | Noticed a two-headed ogre
  7172 | D:5      | Found Tenevi's General Store.
  7386 | D:5      | Reached skill level 1 in Poison Magic
  7441 | D:5      | Identified the +5 leather armour "Amug" {rF+ Regen+ Str+3
                  | Dex+3}
  7475 | D:5      | Demolished by a two-headed ogre

Illustrated notes

Levels and vault maps discovered:
D:1:      wander_arrival_chamber, layout_loops_ring
D:2:      cheibrodos_old_hovel, layout_basic, basic_ecumenical_altar
D:3:      layout_loops_ring, serial_shops, shop
D:4:      layout_loops_ring, uniq_eustachio
D:5:      layout_cave_pods, serial_shops, shop, cheibrodos_sewer_entry_sluice,
          minmay_manual_mess

Skill      XL: |  1  2  3  4  5  6  7 |
---------------+----------------------+-----
Air Magic      | 3 4 5 6 7 8 |  8.5
Spellcasting   | 2 |  2.0
Poison Magic   | 1 |  1.0
Dodging        | |  1.7
Stealth        | |  1.7
Conjurations   | |  0.8

Action                   |  1- 3 |  4- 6 |  7- 9 || total
-------------------------+-------+-------+-------++-------
Melee: Whip              |    10 |       |       ||    10
       Dagger            |     3 |    18 |       ||    21
       Punch             |       |     1 |       ||     1
 Cast: Shock             |   113 |   125 |    32 ||   270
       Static Discharge  |       |       |     4 ||     4
       Airstrike         |       |       |     3 ||     3
       Swiftness         |       |       |     2 ||     2
Evoke: Wand              |       |       |     1 ||     1
  Use: Scroll            |     3 |     3 |       ||     6
       Potion            |       |     3 |       ||     3
Armor: Robe              |     3 |    13 |     5 ||    21
Dodge: Dodged            |    30 |    23 |     9 ||    62
